3AAA
HIALEAH DODOS @ SIOUX FALLS RED PANDAS
09/05/2024
 
TOP OF THE 1ST
Hialeah Dodos batting - Pitching for Sioux Falls Red Pandas : RHP Ash Hardy
Pitching: RHP Ash Hardy
Batting: RHB Diego Bonilla 0-0: Called Strike
0-1: Ball
1-1: DOUBLE (Flyball, 89XD)
Batting: LHB Alfonso Núñez 0-0: Ball
1-0: Swinging Strike
1-1: Ball
2-1: Foul Ball, location: 2F
2-2: Fly out, F7 (Flyball, 78D)
Batting: RHB Yoshio Matsuo 0-0: Swinging Strike
0-1: Foul Ball, location: 2F
0-2: SINGLE (Line Drive, 9S)
Diego Bonilla to third
Runner from 3rd tries for Home, SAFE, no throw or cutoff
Batting: LHB Jeff Rutherford 0-0: Called Strike
0-1: Fly out, F4 (Line Drive, 4)
Batting: RHB Alexis Smeddon 0-0: Hit by Pitch
Yoshio Matsuo to second
Batting: LHB Raúl Aguirre 0-0: Ball
1-0: Foul Ball, location: 2F
1-1: DOUBLE (Flyball, 78D)
Yoshio Matsuo scores
Alexis Smeddon to third
Batting: LHB Perry Bothof 0-0: Foul Ball, location: 2F
0-1: Ball
1-1: Ball
2-1: Foul Ball, location: 2F
2-2: Foul Ball, location: 2F
2-2: SINGLE (Line Drive, 6M)
Alexis Smeddon scores
Raúl Aguirre to third
Runner from 3rd tries for Home, SAFE, no throw or cutoff
Batting: RHB Javier Santos 0-0: Ball
1-0: Called Strike
1-1: Swinging Strike
1-2: Ground out 1-3 (Groundball, 13)
Top of the 1st over - 4 run(s), 4 hit(s), 0 error(s), 1 left on base; Hialeah 4 - Sioux Falls 0
BOTTOM OF THE 1ST
Sioux Falls Red Pandas batting - Pitching for Hialeah Dodos : RHP Jim Unknown
Pitching: RHP Jim Unknown
Batting: RHB Jean Chamissa 0-0: Ball
1-0: Fly out, F8 (Flyball, 8LD)
Batting: RHB Jonathan Widdop 0-0: Foul Ball, location: 2F
0-1: Ball
1-1: Foul Ball, location: 2F
1-2: Ball
2-2: Foul Ball, location: 2F
2-2: Ball
3-2: Base on Balls
Batting: LHB Qi-zhen Loong 0-0: Swinging Strike
0-1: Foul Ball, location: 2F
0-2: Foul Ball, location: 2F
0-2: Grounds into double play, 4-6-3 (Groundball, 4)
Bottom of the 1st over - 0 run(s), 0 hit(s), 0 error(s), 0 left on base; Hialeah 4 - Sioux Falls 0
TOP OF THE 2ND
Hialeah Dodos batting - Pitching for Sioux Falls Red Pandas : RHP Ash Hardy
Batting: RHB Vincente Rotham 0-0: Ground out 5-3 (Groundball, 56)
Batting: RHB Diego Bonilla 0-0: Called Strike
0-1: Fly out, F9 (Flyball, 9LM)
Batting: LHB Alfonso Núñez 0-0: Ball
1-0: Called Strike
1-1: Ball
2-1: Ball
3-1: Base on Balls
Batting: RHB Yoshio Matsuo 0-0: Ball
1-0: Ball
2-0: Ball
3-0: Called Strike
3-1: Fly out, F8 (Flyball, 8LD)
Top of the 2nd over - 0 run(s), 0 hit(s), 0 error(s), 1 left on base; Hialeah 4 - Sioux Falls 0
BOTTOM OF THE 2ND
Sioux Falls Red Pandas batting - Pitching for Hialeah Dodos : RHP Jim Unknown
Batting: RHB Mario Piña 0-0: SINGLE (Line Drive, 8RS)
Batting: RHB Eduardo Sánchez 0-0: Called Strike
0-1: Swinging Strike
0-2: Ball
1-2: Strikes out looking
Batting: SHB Tsing Guao 0-0: Swinging Strike
0-1: Ball
1-1: Ball
2-1: Foul Ball, location: 2F
2-2: Ball
3-2: Base on Balls
Mario Piña to second
Batting: RHB David Morales 0-0: Called Strike
0-1: Foul Ball, location: 2F
0-2: Ball
1-2: SINGLE (Line Drive, 4D)
Mario Piña to third
Tsing Guao to second
Runner from 3rd tries for Home, SAFE, no throw or cutoff
Batting: RHB Emílio Ortíz 0-0: Swinging Strike
0-1: Foul Ball, location: 2F
0-2: Ball
1-2: Fly out, F8 (Flyball, 8RM)
Batting: RHB Jorge Díaz 0-0: Ball
1-0: Called Strike
1-1: Foul Ball, location: 2F
1-2: Ball
2-2: Foul Ball, location: 2F
2-2: Strikes out swinging
Bottom of the 2nd over - 1 run(s), 2 hit(s), 0 error(s), 2 left on base; Hialeah 4 - Sioux Falls 1
TOP OF THE 3RD
Hialeah Dodos batting - Pitching for Sioux Falls Red Pandas : RHP Ash Hardy
Batting: LHB Jeff Rutherford 0-0: Ball
1-0: Ball
2-0: Ball
3-0: Called Strike
3-1: Fly out, F8 (Flyball, 8LXD)
Batting: RHB Alexis Smeddon 0-0: Fly out, F7 (Flyball, 7D)
Batting: LHB Raúl Aguirre 0-0: Called Strike
0-1: Ground out 4-3 (Groundball, 4)
Top of the 3rd over - 0 run(s), 0 hit(s), 0 error(s), 0 left on base; Hialeah 4 - Sioux Falls 1
BOTTOM OF THE 3RD
Sioux Falls Red Pandas batting - Pitching for Hialeah Dodos : RHP Jim Unknown
Batting: RHB Jean Chamissa 0-0: Fly out, F8 (Flyball, 8RD)
Batting: RHB Jonathan Widdop 0-0: Ball
1-0: Called Strike
1-1: Ball
2-1: Foul Ball, location: 2F
2-2: Foul Ball, location: 2F
2-2: Ball
3-2: Foul Ball, location: 2F
3-2: Ground out 4-3 (Groundball, 4)
Batting: LHB Qi-zhen Loong 0-0: Ground out 4-3 (Groundball, 4)
Bottom of the 3rd over - 0 run(s), 0 hit(s), 0 error(s), 0 left on base; Hialeah 4 - Sioux Falls 1
TOP OF THE 4TH
Hialeah Dodos batting - Pitching for Sioux Falls Red Pandas : RHP Ash Hardy
Batting: LHB Perry Bothof 0-0: Foul Ball, location: 2F
0-1: Foul Ball, location: 2F
0-2: Fly out, F9 (Flyball, 89S)
Pitching: LHP Rio Bavin
Batting: RHB Javier Santos 0-0: Foul Ball, location: 2F
0-1: Foul Ball, location: 2F
0-2: Foul Ball, location: 2F
0-2: DOUBLE (Line Drive, 9LM)
Batting: RHB Vincente Rotham 0-0: Ball
1-0: Fly out, F8 (Line Drive, 8RM)
Batting: RHB Diego Bonilla 0-0: Ball
1-0: Foul Ball, location: 2F
1-1: Foul Ball, location: 2F
1-2: Foul Ball, location: 2F
1-2: DOUBLE (Line Drive, 7LD)
Javier Santos scores
Batting: LHB Alfonso Núñez 0-0: Called Strike
0-1: Foul Ball, location: 2F
0-2: Ball
1-2: Ball
2-2: Foul Ball, location: 2F
2-2: Fly out, F8 (Flyball, 8LM)
Top of the 4th over - 1 run(s), 2 hit(s), 0 error(s), 1 left on base; Hialeah 5 - Sioux Falls 1
BOTTOM OF THE 4TH
Sioux Falls Red Pandas batting - Pitching for Hialeah Dodos : RHP Jim Unknown
Batting: RHB Mario Piña 0-0: Foul Ball, location: 2F
0-1: Foul Ball, location: 2F
0-2: Ball
1-2: Ball
2-2: Ground out 4-3 (Groundball, 4)
Batting: RHB Eduardo Sánchez 0-0: Ball
1-0: Ball
2-0: Ball
3-0: Called Strike
3-1: Base on Balls
Batting: SHB Tsing Guao 0-0: Called Strike
0-1: Foul Ball, location: 2F
0-2: Ball
1-2: Ball
2-2: Foul Ball, location: 2F
2-2: Ground out U3 (Groundball, 3S)
Eduardo Sánchez to second
Batting: RHB David Morales 0-0: Called Strike
0-1: Ball
1-1: Foul Ball, location: 2F
1-2: DOUBLE (Line Drive, 7LM)
Eduardo Sánchez scores
Batting: RHB Emílio Ortíz 0-0: Ball
1-0: Called Strike
1-1: Foul Ball, location: 2F
1-2: Fly out, F8 (Flyball, 8LM)
Bottom of the 4th over - 1 run(s), 1 hit(s), 0 error(s), 1 left on base; Hialeah 5 - Sioux Falls 2
TOP OF THE 5TH
Hialeah Dodos batting - Pitching for Sioux Falls Red Pandas : LHP Rio Bavin
Batting: RHB Yoshio Matsuo 0-0: Fly out, F8 (Flyball, 8LD)
Batting: LHB Jeff Rutherford 0-0: Ball
1-0: Ball
2-0: Ball
3-0: Base on Balls
Batting: RHB Alexis Smeddon 0-0: Called Strike
0-1: Ball
1-1: Fielders Choice at 2nd, 4-6 (Groundball, 4)
Batting: LHB Raúl Aguirre 0-0: Ball
1-0: Ball
2-0: Ball
3-0: Foul Ball, location: 2F
3-1: Swinging Strike
3-2: Base on Balls
Alexis Smeddon to second
Batting: LHB Perry Bothof 0-0: Ball
1-0: Ball
2-0: Ball
3-0: Base on Balls
Alexis Smeddon to third
Raúl Aguirre to second
Batting: RHB Javier Santos 0-0: Ball
1-0: Ball
2-0: Fly out, F7 (Flyball, 7LM)
Top of the 5th over - 0 run(s), 0 hit(s), 0 error(s), 3 left on base; Hialeah 5 - Sioux Falls 2
BOTTOM OF THE 5TH
Sioux Falls Red Pandas batting - Pitching for Hialeah Dodos : RHP Jim Unknown
Batting: RHB Jorge Díaz 0-0: Ground out 6-3 (Groundball, 6M)
Batting: RHB Jean Chamissa 0-0: Called Strike
0-1: Swinging Strike
0-2: Foul Ball, location: 2F
0-2: Ground out 6-3 (Groundball, 6M)
Batting: RHB Jonathan Widdop 0-0: Ball
1-0: Ball
2-0: Ball
3-0: Base on Balls
Batting: LHB Qi-zhen Loong 0-0: Ball
Pickoff Throw to First - Out!
Bottom of the 5th over - 0 run(s), 0 hit(s), 0 error(s), 0 left on base; Hialeah 5 - Sioux Falls 2
TOP OF THE 6TH
Hialeah Dodos batting - Pitching for Sioux Falls Red Pandas : LHP Rio Bavin
Batting: RHB Vincente Rotham 0-0: Ball
1-0: Ball
2-0: Foul Ball, location: 2F
2-1: Ball
3-1: Base on Balls
Pitching: RHP Jesús Rivera
Batting: RHB Diego Bonilla 0-0: Ball
1-0: Ball
2-0: Bunted foul
2-1: Sac Bunt - play at first, batter OUT! U3
Vincente Rotham to second
Batting: LHB Alfonso Núñez 0-0: Foul Ball, location: 2F
0-1: Ball
1-1: Ground out 4-3 (Groundball, 34)
Vincente Rotham to third
Batting: RHB Yoshio Matsuo 0-0: Called Strike
0-1: Fly out, F2 (Popup, 2RF)
Top of the 6th over - 0 run(s), 0 hit(s), 0 error(s), 1 left on base; Hialeah 5 - Sioux Falls 2
BOTTOM OF THE 6TH
Sioux Falls Red Pandas batting - Pitching for Hialeah Dodos : RHP Jim Unknown
Batting: LHB Qi-zhen Loong 0-0: Ball
1-0: Ball
2-0: Ground out 5-3 (Groundball, 56S)
Batting: RHB Mario Piña 0-0: Called Strike
0-1: Ball
1-1: Ball
2-1: Foul Ball, location: 2F
2-2: Foul Ball, location: 2F
2-2: Ground out 5-3 (Groundball, 56S)
Batting: RHB Eduardo Sánchez 0-0: Swinging Strike
0-1: Foul Ball, location: 2F
0-2: Ball
1-2: Ball
2-2: Ball
3-2: Ground out 4-3 (Groundball, 4M)
Bottom of the 6th over - 0 run(s), 0 hit(s), 0 error(s), 0 left on base; Hialeah 5 - Sioux Falls 2
TOP OF THE 7TH
Hialeah Dodos batting - Pitching for Sioux Falls Red Pandas : RHP Jesús Rivera
Batting: LHB Jeff Rutherford 0-0: Ball
1-0: Called Strike
1-1: Foul Ball, location: 2F
1-2: Ground out 4-3 (Groundball, 4)
Batting: RHB Alexis Smeddon 0-0: Called Strike
0-1: Swinging Strike
0-2: Foul Ball, location: 2F
0-2: Ball
1-2: Strikes out swinging
Batting: LHB Raúl Aguirre 0-0: Called Strike
0-1: Ball
1-1: Ball
2-1: Ball
3-1: Called Strike
3-2: Foul Ball, location: 2F
3-2: Ground out U3 (Groundball, 3S)
Top of the 7th over - 0 run(s), 0 hit(s), 0 error(s), 0 left on base; Hialeah 5 - Sioux Falls 2
BOTTOM OF THE 7TH
Sioux Falls Red Pandas batting - Pitching for Hialeah Dodos : RHP Jim Unknown
Batting: SHB Tsing Guao 0-0: Ball
1-0: Swinging Strike
1-1: Foul Ball, location: 2F
1-2: Ball
2-2: Ball
3-2: Strikes out swinging
Batting: RHB David Morales 0-0: Ball
1-0: Ball
2-0: Swinging Strike
2-1: Ball
3-1: Base on Balls
Pitching: LHP Jim Unknown
Batting: RHB Emílio Ortíz 0-0: Swinging Strike
0-1: Ball
1-1: Ground out 5-3 (Groundball, 6)
David Morales to second
Batting: RHB Jorge Díaz 0-0: Fly out, F8 (Line Drive, 8LM)
Bottom of the 7th over - 0 run(s), 0 hit(s), 0 error(s), 1 left on base; Hialeah 5 - Sioux Falls 2
TOP OF THE 8TH
Hialeah Dodos batting - Pitching for Sioux Falls Red Pandas : RHP Jesús Rivera
Batting: LHB Perry Bothof 0-0: Ball
1-0: Swinging Strike
1-1: Swinging Strike
1-2: Fly out, F8 (Flyball, 8LM)
Batting: RHB Javier Santos 0-0: SINGLE (Flyball, 89S)
Batting: RHB Vincente Rotham 0-0: Ball
1-0: Called Strike
1-1: Ball
2-1: Called Strike
2-2: Fly out, F9 (Flyball, 9D)
Runner from 1st tags up, SAFE at 2nd
Pitching: RHP Jim Unknown
Batting: RHB Diego Bonilla 0-0: Called Strike
0-1: Swinging Strike
0-2: Ground out 4-3 (Groundball, 4)
Top of the 8th over - 0 run(s), 1 hit(s), 0 error(s), 1 left on base; Hialeah 5 - Sioux Falls 2
BOTTOM OF THE 8TH
Sioux Falls Red Pandas batting - Pitching for Hialeah Dodos : LHP Jim Unknown
Batting: RHB Jean Chamissa 0-0: Ball
1-0: Ball
2-0: Swinging Strike
2-1: Ball
3-1: Called Strike
3-2: Base on Balls
Pitching: RHP Jim Unknown
Batting: RHB Jonathan Widdop 0-0: Ball
1-0: Ball
2-0: Fly out, F9 (Flyball, 9M)
Pitching: LHP Jim Unknown
Batting: LHB Qi-zhen Loong 0-0: Fielders Choice at 2nd, 3-6 (Groundball, 3)
Pitching: RHP Jim Unknown
Batting: RHB Mario Piña 0-0: Ball
1-0: Called Strike
1-1: Foul Ball, location: 2F
1-2: Foul Ball, location: 2F
1-2: Ball
2-2: Strikes out swinging
Bottom of the 8th over - 0 run(s), 0 hit(s), 0 error(s), 1 left on base; Hialeah 5 - Sioux Falls 2
TOP OF THE 9TH
Hialeah Dodos batting - Pitching for Sioux Falls Red Pandas : RHP Jim Unknown
Pitching: RHP Jim Unknown
Batting: LHB Alfonso Núñez 0-0: Fly out, F7 (Flyball, 7S)
Batting: RHB Yoshio Matsuo 0-0: Called Strike
0-1: Ball
1-1: Foul Ball, location: 2F
1-2: Fly out, F9 (Flyball, 9LD)
Batting: LHB Jeff Rutherford 0-0: Called Strike
0-1: Ground out 6-3 (Groundball, 6M)
Top of the 9th over - 0 run(s), 0 hit(s), 0 error(s), 0 left on base; Hialeah 5 - Sioux Falls 2
BOTTOM OF THE 9TH
Sioux Falls Red Pandas batting - Pitching for Hialeah Dodos : RHP Jim Unknown
Pitching: RHP Lorenzo Tamargo
Batting: RHB Eduardo Sánchez 0-0: Ball
1-0: Foul Ball, location: 2F
1-1: Ball
2-1: Ground out 6-3 (Groundball, 6M)
Batting: SHB Tsing Guao 0-0: Ball
1-0: Ball
2-0: Ball
3-0: Base on Balls
Batting: RHB David Morales 0-0: Ball
1-0: Foul Ball, location: 2F
1-1: Ball
2-1: SINGLE (Flyball, 9LS)
Tsing Guao to second
Pinch Hitting: SHB Dan Hunt 0-0: Foul Ball, location: 2F
0-1: Foul Ball, location: 2F
0-2: Fly out, F9 (Flyball, 89S)
Pinch Hitting: LHB Ricardo Miranda 0-0: Ball
1-0: Reached on error, E4 (Groundball, 4)
Tsing Guao to third
David Morales to second
Pinch Hitting: LHB Steve Riggs 0-0: Ball
1-0: Ball
2-0: Foul Ball, location: 2F
2-1: Foul Ball, location: 2F
2-2: Foul Ball, location: 2F
2-2: Ground out 4-3 (Groundball, 34)
Bottom of the 9th over - 0 run(s), 1 hit(s), 1 error(s), 3 left on base; Hialeah 5 - Sioux Falls 2
This league is powered by Out of the Park Baseball, the baseball management simulation game for PC, Mac and Linux
Monday, October 3rd, 2016 - OOTP Baseball 16.9 Build 39